[Event "Early-Titled-Tuesday-Blitz-May-07-2024"]
[Site "Chess.com"]
[Date "2024.05.07"]
[Round "3"]
[White "banane_verte"]
[Black "sudtirolese06"]
[Result "0-1"]
[WhiteElo "2588"]
[BlackElo "2436"]
[TimeControl "180+1"]
[EndTime "8:31:09 PDT"]
[Termination "sudtirolese06 won by checkmate"]

1. d4 g6 2. c4 Bg7 3. g3 d6 4. Bg2 Nf6 5. Nc3 O-O 6. Nf3 Nc6 7. O-O e5 8. dxe5 dxe5 9. Bg5 Be6 10. Qa4 Qc8 11.
Rfd1 Nd7 12. Nd5 e4 13. Nd4 Bxd5 14. cxd5 Nxd4 15. Rxd4 Nb6 16. Qd1 Qf5 17. Be3 Bxd4 18. Qxd4 Qxd5 19. Qf6 Qe6 20. Qg5 Rad8 21. Qh6 Nc4 22.
Bf4 Rd7 23. b3 Nd6 24. Bh3 Nf5 25. Qg5 Rfd8 26. Bxc7 h6 27. Qf4 Rd1+ 28. Rxd1 Rxd1+ 29. Kg2 Qc6 30. Be5 e3+ 31. f3 Qc1 32. Bxf5 Rh1 33. Kh3 Qf1+ 34. Kg4 Rxh2 35. Bxg6 Qh3# 0-1

[Event "Early-Titled-Tuesday-Blitz-May-07-2024"]
[Site "Chess.com"]
[Date "2024.05.07"]
[Round "3"]
[White "noblerone"]
[Black "kyawmyataung2005"]
[Result "0-1"]
[WhiteElo "2506"]
[BlackElo "2304"]
[TimeControl "180+1"]
[EndTime "8:31:09 PDT"]
[Termination "kyawmyataung2005 won by resignation"]

1. d4 Nf6 2. c4 e6 3. Nc3 Bb4 4. Qb3 c5 5. dxc5 Bxc5 6. Nf3 Nc6 7. Bg5 Na5 8. Qa4 Qb6 9. Nd1 Ne4 10. Be3 Bb4+ 11. Bd2 Nxd2 12. Nxd2 Nxc4 13. Nc3 Nxd2 14. Kxd2 Bxc3+ 15. Kxc3 Qxf2 16. Qd4 Qxd4+ 17. Kxd4 d5 18. Rc1 Bd7 19. e4 dxe4 20. Kxe4 Bc6+ 21. Ke5 Ke7 22. Rg1 Rhd8 23. Bc4 g5 24. Bxe6 fxe6 25. Rgd1 Rxd1 26. Rxd1 Rf8 27. g4 Rf4 0-1

[Event "Early-Titled-Tuesday-Blitz-May-07-2024"]
[Site "Chess.com"]
[Date "2024.05.07"]
[Round "3"]
[White "LeoLV10"]
[Black "SpongeBob_03"]
[Result "1-0"]
[WhiteElo "2474"]
[BlackElo "2261"]
[TimeControl "180+1"]
[EndTime "8:31:10 PDT"]
[Termination "LeoLV10 won by checkmate"]

1. e4 c5 2. Nf3 e6 3. d4 cxd4 4. Nxd4 Nf6 5. Nc3 Nc6 6. Nxc6 bxc6 7. e5 Nd5 8. Ne4 Qc7 9. f4 Qb6 10. c4 Bb4+ 11. Ke2 Ba6 12. Kf3 f5 13. exf6 Nxf6 14. Nxf6+ gxf6 15. Be3 Bc5 16. Bxc5 Qxc5 17. Qd3 d5 18.
Re1 Kf7 19. Qe2 Rhe8 20. Qc2 Kg7 21. b4 Qxb4 22. cxd5 Bxf1 23. Rhxf1 cxd5 24. Qc7+ Re7 25. Qc6 Qa3+ 26. Re3 Qxa2 27. Qxa8 d4 28. Rd3 e5 29. fxe5 fxe5 30. Kg3 Kh6 31. Rf6+ Kg5 32. Qf3 Qg8 33. Qf5# 1-0

[Event "Early-Titled-Tuesday-Blitz-May-07-2024"]
[Site "Chess.com"]
[Date "2024.05.07"]
[Round "3"]
[White "biveklama"]
[Black "TenisMaster"]
[Result "0-1"]
[WhiteElo "2536"]
[BlackElo "2880"]
[TimeControl "180+1"]
[EndTime "8:31:12 PDT"]
[Termination "TenisMaster won on time"]

1. e4 e5 2. Nf3 Nc6 3. Bc4 Bc5 4. c3 Nf6 5. d3 d6 6. O-O a6 7. Bb3 h6 8. d4 Ba7 9. dxe5 Nxe5 10. Nxe5 dxe5 11.
Qxd8+ Kxd8 12. Bxf7 Nxe4 13. Be3 Bxe3 14. fxe3 Ke7 15.
Bg6 Nd6 16. Nd2 Bg4 17. Ne4 Rhf8 18. Nxd6 cxd6 19. Be4 Rab8 20. Rxf8 Kxf8 21. Rf1+ Ke7 22. Bd5 Be6 23. Bxe6 Kxe6 24. e4 b5 25. a3 a5 26.
Kf2 Rf8+ 27. Ke2 Rxf1 28. Kxf1 a4 29. Ke2 d5 30. Kd3 Kd6 31. Ke3 Kc5 32. Kd3 g6 33.
h3 h5 34. h4 Kd6 35. Ke3 dxe4 36. Kxe4 Ke6 37. Ke3 Kd5 38. Kd3 e4+ 39. Ke3 Kc4 0-1

[Event "Early-Titled-Tuesday-Blitz-May-07-2024"]
[Site "Chess.com"]
[Date "2024.05.07"]
[Round "3"]
[White "Chessdreamer2020"]
[Black "MarlonJodar"]
[Result "1/2-1/2"]
[WhiteElo "2512"]
[BlackElo "2294"]
[TimeControl "180+1"]
[EndTime "8:31:15 PDT"]
[Termination "Game drawn by repetition"]

1. e4 c5 2. Nf3 e6 3. b3 d6 4. Bb2 Nf6 5. Bb5+ Nbd7 6. d3 Be7 7. O-O O-O 8. Bxd7 Bxd7 9. Nbd2 b5 10. Re1 Rc8 11.
Ng5 d5 12. e5 Ne8 13. Nh3 f5 14. exf6 Bxf6 15. Bxf6 Qxf6 16. Nf3 e5 17. Nxe5 Bxh3 18.
gxh3 Qxf2+ 19. Kh1 Nd6 20. Qe2 Qxe2 21. Rxe2 Rce8 22.
Rae1 Re7 23. Nc6 Ref7 24. Kg2 Nf5 25. Ne7+ Nxe7 26. Rxe7 Rf2+ 27. Kg3 Rxc2 28. Rxa7 Rcf2 29. Ree7 R2f3+ 30. Kg2 Rf2+ 31. Kg1 R2f7 32. a4 bxa4 33. bxa4 Rf1+ 34. Kg2 R1f2+ 35. Kg3 R2f3+ 36. Kg4 R3f4+ 37. Kg3 Rf3+ 38. Kg2 Rf2+ 39. Kg1 Rf1+ 40. Kg2 R1f2+ 1/2-1/2

[Event "Early-Titled-Tuesday-Blitz-May-07-2024"]
[Site "Chess.com"]
[Date "2024.05.07"]
[Round "3"]
[White "ahmedkandiliii"]
[Black "Aisen1011"]
[Result "1-0"]
[WhiteElo "2646"]
[BlackElo "2473"]
[TimeControl "180+1"]
[EndTime "8:31:16 PDT"]
[Termination "ahmedkandiliii won by resignation"]

1. Nf3 d5 2. g3 Nf6 3. Bg2 Bf5 4.
O-O e6 5. d3 Be7 6. Nbd2 h6 7.
Re1 O-O 8. e4 Bh7 9. e5 Nfd7 10.
c4 c6 11. Nb3 Na6 12. cxd5 cxd5 13. d4 Nb4 14. Re2 Rc8 15. a3 Bc2 16. Qd2 Bxb3 17.
axb4 Rc2 18. Qe1 Rxe2 19. Qxe2 Qb6 20. Bd2 Rc8 21. Qe1 a6 22. Bc3 Nb8 23. Nd2 Bc4 24. Nxc4 Rxc4 25. Bf1 Rc8 26. Qe2 Bxb4 27. Rc1 Bxc3 28.
bxc3 Nc6 29. Qe3 Qb2 30. Bd3 b5 31. Rb1 Qxc3 32. Bh7+ Kxh7 33. Qxc3 Ne7 34. Qa3 Nf5 35. Qxa6 Nxd4 36. Qxc8 1-0

[Event "Early-Titled-Tuesday-Blitz-May-07-2024"]
[Site "Chess.com"]
[Date "2024.05.07"]
[Round "3"]
[White "vanyakuba"]
[Black "enriquebutti"]
[Result "1-0"]
[WhiteElo "2405"]
[BlackElo "2175"]
[TimeControl "180+1"]
[EndTime "8:31:17 PDT"]
[Termination "vanyakuba won by resignation"]

1. e4 c5 2. c3 Nf6 3. e5 Nd5 4. d4 cxd4 5. cxd4 d6 6. Nf3 Nc6 7. Bc4 Nb6 8. Bb5 d5 9. Nc3 Bg4 10. h3 Bxf3 11. Qxf3 e6 12. Be3 Rc8 13. O-O a6 14.
Be2 Qh4 15. Rfd1 Be7 16. Bf1 Bg5 17. g3 Qh6 18. h4 Bxe3 19. fxe3 O-O 20. e4 Rcd8 21.
exd5 Nxd5 22. Ne4 Ne3 23. Nd6 Nxd1 24. Rxd1 Rd7 25. Bh3 Rxd6 26. exd6 Rd8 27. d5 exd5 28. Qxd5 Qe3+ 29. Kh2 Qe5 30. Qd2 f5 31. a3 Qf6 32. Qd5+ 1-0

[Event "Early-Titled-Tuesday-Blitz-May-07-2024"]
[Site "Chess.com"]
[Date "2024.05.07"]
[Round "3"]
[White "talaicito"]
[Black "MikeSailer"]
[Result "1-0"]
[WhiteElo "2377"]
[BlackElo "2118"]
[TimeControl "180+1"]
[EndTime "8:31:17 PDT"]
[Termination "talaicito won by resignation"]

1. d4 g6 2. Nc3 Bg7 3. Bf4 d6 4. e4 Nd7 5. Qd2 e5 6. dxe5 dxe5 7.
Bg5 f6 8. Be3 Qe7 9. Nb5 Nb6 10.
Qc3 c6 11. Nxa7 Rxa7 12. Bxb6 Ra4 13. O-O-O Bd7 14. a3 Nh6 15. Bc4 Nf7 16. Bc5 Qd8 17. Bxf7+ Kxf7 18. Nf3 Rxe4 19. Qb3+ Ke8 20. Qxb7 Bh6+ 21.
Kb1 Qc8 22. Qa7 Rg8 23. Rd6 Bf8 24. Rd3 Bxc5 25. Qxc5 Be6 26. Rhd1 Bd5 27. Rxd5 cxd5 28. Qxc8+ 1-0

[Event "Early-Titled-Tuesday-Blitz-May-07-2024"]
[Site "Chess.com"]
[Date "2024.05.07"]
[Round "3"]
[White "RebelJohnny"]
[Black "Kirill_Klukin"]
[Result "0-1"]
[WhiteElo "2570"]
[BlackElo "2858"]
[TimeControl "180+1"]
[EndTime "8:31:18 PDT"]
[Termination "Kirill_Klukin won on time"]

1. e4 c5 2. Nf3 g6 3. d4 cxd4 4. Nxd4 Bg7 5. Nc3 Nc6 6. Be3 Nf6 7. Bc4 O-O 8. Bb3 Re8 9. h4 e6 10. h5 d5 11. Nxc6 bxc6 12. e5 Nd7 13. hxg6 hxg6 14. Qg4 Nxe5 15. Qg3 d4 16. O-O-O c5 17. Ne4 Qa5 18.
Bg5 c4 19. Nf6+ Kf8 20. Nxe8 Kxe8 21. Rh7 cxb3 22. Qxb3 Bf8 23. Rxd4 Nc6 24. Qc4 Qxg5+ 25. f4 Qc5 0-1

[Event "Early-Titled-Tuesday-Blitz-May-07-2024"]
[Site "Chess.com"]
[Date "2024.05.07"]
[Round "3"]
[White "Alenzer"]
[Black "Zheenbekov86"]
[Result "0-1"]
[WhiteElo "2225"]
[BlackElo "2420"]
[TimeControl "180+1"]
[EndTime "8:31:18 PDT"]
[Termination "Zheenbekov86 won on time"]

1. e4 c6 2. Nc3 d5 3. Qe2 dxe4 4.
Nxe4 e6 5. g3 Nd7 6. Bg2 Ngf6 7.
d3 Nxe4 8. dxe4 e5 9. Bd2 Bc5 10. O-O-O O-O 11. f4 Qe7 12. Nf3 a5 13. Bc3 exf4 14.
gxf4 Bb4 15. Bd4 Bc5 16. Rhg1 a4 17. a3 Bxd4 18. Nxd4 Nc5 19. Bf3 Kh8 20. f5 Qe5 21. Kb1 Bd7 22. Qg2 Rg8 23. h4 Ra6 24. h5 h6 25. Ne2 Rb6 26. c3 Bxf5 27. exf5 Qxf5+ 28. Ka2 Qe6+ 29. Kb1 Qb3 30. Nf4 Qxc3 31. Rc1 Qe5 32. Nh3 Nd3 33. Rcd1 Rxb2+ 34. Ka1 Rxg2+ 0-1

[Event "Early-Titled-Tuesday-Blitz-May-07-2024"]
[Site "Chess.com"]
[Date "2024.05.07"]
[Round "3"]
[White "ploxoi"]
[Black "nicolevalladar"]
[Result "1-0"]
[WhiteElo "2327"]
[BlackElo "1731"]
[TimeControl "180+1"]
[EndTime "8:31:18 PDT"]
[Termination "ploxoi won by checkmate"]

1. d4 d5 2. c4 c6 3. Nf3 Nf6 4. e3 Bg4 5. h3 Bxf3 6. Qxf3 e6 7. Nd2 Be7 8. Bd3 O-O 9. O-O Nbd7 10. Rd1 Rc8 11. e4 dxe4 12. Nxe4 Nxe4 13. Bxe4 Nf6 14. Bc2 c5 15. dxc5 Qa5 16. Qxb7 Bxc5 17. Bd2 Qb6 18. Qxb6 Bxb6 19. b3 Rfd8 20. Bc3 Nd7 21. Rd6 Nb8 22.
Rad1 Rxd6 23. Rxd6 Rd8 24. Rxd8+ Bxd8 25. Be4 Kf8 26. Bd4 a5 27. c5 Ke7 28. Be5 Na6 29. Bd6+ Kd7 30. a3 f5 31. Bd3 Nc7 32. Bc4 Nd5 33.
Bb5+ Kc8 34. c6 Be7 35. Ba6+ Kd8 36. Bxe7+ Kxe7 37. Bc4 Nb6 38. Bb5 Kd6 39. b4 axb4 40. axb4 Nd5 41. Bc4 Nxb4 42. c7 Kxc7 43. Bxe6 g6 44. Bg8 Kd6 45. Bxh7 Nd5 46. Bxg6 Ke5 47. Be8 Kf4 48. g3+ Ke5 49. Kg2 Nf6 50. Bc6 Ng8 51.
Bf3 Ne7 52. h4 Ng8 53. Kh3 Nf6 54. h5 Ke6 55. Kh4 Kf7 56. Kg5 Nh7+ 57. Kxf5 Nf6 58. g4 Ng8 59. g5 Kg7 60. h6+ Kh8 61. Ke6 Kh7 62. Be4+ Kh8 63. f4 Nxh6 64. gxh6 Kg8 65. f5 Kh8 66. f6 Kg8 67. f7+ Kh8 68. f8=R# 1-0

[Event "Early-Titled-Tuesday-Blitz-May-07-2024"]
[Site "Chess.com"]
[Date "2024.05.07"]
[Round "3"]
[White "KuzubovYuriy"]
[Black "PavelShkapenko"]
[Result "1-0"]
[WhiteElo "2966"]
[BlackElo "2720"]
[TimeControl "180+1"]
[EndTime "8:31:19 PDT"]
[Termination "KuzubovYuriy won by resignation"]

1. d4 d5 2. c4 dxc4 3. Nf3 Nf6 4. e3 Bg4 5. Bxc4 e6 6. h3 Bh5 7. Nc3 Nc6 8. Bb5 Bd6 9. e4 Bxf3 10. Qxf3 Nd7 11.
Be3 O-O 12. O-O e5 13. Bxc6 bxc6 14. Rfd1 Qe7 15. d5 c5 16. Rac1 g6 17. Bh6 Rfb8 18.
b3 Rb4 19. Na4 Rab8 20. Bd2 Rd4 21. Be3 Rxd1+ 22. Qxd1 Rb4 23. Qc2 a6 24. Qd3 a5 25.
Qc2 c4 26. bxc4 Nc5 27. Nb2 Nxe4 28. Qxe4 Rxb2 29. c5 Rxa2 30. cxd6 cxd6 31. Bh6 f5 32. Rc8+ Kf7 33. Qc4 Ra1+ 34. Kh2 Kf6 35. Rf8+ 1-0

[Event "Early-Titled-Tuesday-Blitz-May-07-2024"]
[Site "Chess.com"]
[Date "2024.05.07"]
[Round "3"]
[White "Triumphmate"]
[Black "LamaChampetre"]
[Result "1-0"]
[WhiteElo "2422"]
[BlackElo "2233"]
[TimeControl "180+1"]
[EndTime "8:31:19 PDT"]
[Termination "Triumphmate won on time"]

1. e4 c5 2. Nf3 g6 3. d4 cxd4 4.
Nxd4 Nc6 5. f4 d6 6. Nf3 Bg7 7. Nc3 Bg4 8. Bd3 Qb6 9. Nd5 Qa5+ 10. Bd2 Qd8 11. O-O Bxb2 12. Rb1 Bd4+ 13. Kh1 Rb8 14. Qe1 Bg7 15. Qg3 Bxf3 16. Rxf3 Nf6 17. Ne3 Nh5 18. Qh3 Nd4 19. Rff1 Qd7 20. f5 O-O 21. Ng4 Rbd8 22. Nh6+ Bxh6 23. Bxh6 Rfe8 24. Rb4 Nc6 25. Rb5 Ne5 26.
Rd5 e6 27. Rxe5 dxe5 28. g4 Nf4 29. Qh4 exf5 30. Qf6 Ne6 31. gxf5 Qe7 32. fxe6 Qxf6 33. Rxf6 Rxe6 34. Rf2 b6 35. Bc4 Re7 36. Bg5 Rde8 37. Bxe7 Rxe7 38. Rf6 Kg7 39. Rc6 h5 40. h4 f6 41. Bd5 1-0

[Event "Early-Titled-Tuesday-Blitz-May-07-2024"]
[Site "Chess.com"]
[Date "2024.05.07"]
[Round "3"]
[White "LuisFSiles"]
[Black "Ginger_GM"]
[Result "0-1"]
[WhiteElo "2487"]
[BlackElo "2661"]
[TimeControl "180+1"]
[EndTime "8:31:21 PDT"]
[Termination "Ginger_GM won on time"]

1. e4 d6 2. Nc3 Nf6 3. f4 d5 4. e5 Ng4 5. d4 c5 6. Nf3 Nc6 7.
h3 Nh6 8. g4 cxd4 9. Nxd4 Ng8 10. Bg2 e6 11. Be3 h5 12. Bf2 Bb4 13. Qd3 Nxd4 14.
Qxd4 Qa5 15. O-O hxg4 16. hxg4 Ne7 17. f5 Bxc3 18. bxc3 exf5 19. e6 Bxe6 20. Qxg7 Rg8 21. Qe5 Rxg4 22. Rab1 Qa6 23. Bc5 Ng6 24. Qf6 Qc6 25. Bd4 Kd7 26. c4 dxc4 27. Rf2 Nf4 28. Kf1 Nxg2 0-1

[Event "Early-Titled-Tuesday-Blitz-May-07-2024"]
[Site "Chess.com"]
[Date "2024.05.07"]
[Round "3"]
[White "FoxOnTheRun97"]
[Black "highlama"]
[Result "0-1"]
[WhiteElo "2567"]
[BlackElo "2400"]
[TimeControl "180+1"]
[EndTime "8:31:21 PDT"]
[Termination "highlama won on time"]

1. d4 g6 2. e4 Bg7 3. Nc3 d5 4. exd5 Nf6 5. Bb5+ Nbd7 6. Nge2 O-O 7. O-O Nb6 8. Bg5 Nbxd5 9. Nxd5 Qxd5 10. Bxf6 Bxf6 11. Ba4 c5 12. dxc5 Qxc5 13. c3 Bg4 14. h3 Rfd8 15. Qe1 Qc4 16. hxg4 Qxa4 17. f3 Qc2 18. Ng3 Qxb2 19.
Rb1 Qxa2 20. Rxb7 Bh4 21. Kh2 Rd2 22. Rg1 Qd5 23. Kh3 Bf6 24. Qe4 a5 25. Qxd5 Rxd5 26. c4 Rc5 27. Ne4 Rxc4 28. g5 Bd4 29. Rgb1 Kf8 30. Rb8+ Rxb8 31. Rxb8+ Kg7 32. Ra8 a4 33. Kg4 Bb2 34. Kf4 h6 35. Ke3 hxg5 36. Kd3 Rb4 37. Kc2 a3 38. Nxg5 Rc4+ 39. Kb3 Rc3+ 40. Kb4 Rc2 41.
Ne4 Rxg2 42. Kb3 Re2 43. Ka2 Re3 44. Ng5 f6 0-1

[Event "Early-Titled-Tuesday-Blitz-May-07-2024"]
[Site "Chess.com"]
[Date "2024.05.07"]
[Round "3"]
[White "Golubovsky"]
[Black "JaackCamel"]
[Result "1-0"]
[WhiteElo "2496"]
[BlackElo "2267"]
[TimeControl "180+1"]
[EndTime "8:31:21 PDT"]
[Termination "Golubovsky won by resignation"]

1. c4 e6 2. Nc3 d5 3. e3 c6 4. Nf3 Nf6 5. d4 Nbd7 6. Bd3 dxc4 7. Bxc4 b5 8. Bb3 a6 9. O-O c5 10. Qe2 Bb7 11. Rd1 Qb6 12. a4 b4 13. a5 Qc7 14. Nb1 Bc6 15. Nbd2 Bb5 16. Bc4 Qb7 17. Nb3 Be7 18. e4 cxd4 19. Bxb5 axb5 20. Nbxd4 O-O 21. e5 Nd5 22. Qxb5 Qxb5 23. Nxb5 Nc5 24. Nfd4 Ra6 25. Be3 Rfa8 26. Rac1 Rxa5 27. Nd6 h6 28. Nc6 Nb3 29. Nxa5 Nxc1 30. Nc6 Bxd6 31. exd6 Ne2+ 32. Kf1 Nef4 33. d7 Nxe3+ 34. fxe3 Nd5 35. d8=Q+ Rxd8 36. Nxd8 1-0

[Event "Early-Titled-Tuesday-Blitz-May-07-2024"]
[Site "Chess.com"]
[Date "2024.05.07"]
[Round "3"]
[White "AlexeiShirov"]
[Black "GiorgianBarbosa"]
[Result "1-0"]
[WhiteElo "2846"]
[BlackElo "2496"]
[TimeControl "180+1"]
[EndTime "8:31:22 PDT"]
[Termination "AlexeiShirov won by resignation"]

1. e4 c5 2. Nf3 g6 3. c4 Bg7 4.
d4 cxd4 5. Nxd4 Nc6 6. Be3 Nf6 7. Nc3 O-O 8. Be2 Nxd4 9. Bxd4 d6 10. O-O Bd7 11. f4 Bc6 12. Bf3 Nd7 13. b4 Bxd4+ 14. Qxd4 Qb6 15. Qxb6 Nxb6 16. b5 Bd7 17. e5 dxe5 18.
c5 Nc4 19. Bxb7 Rab8 20. Bd5 Ne3 21. c6 Bf5 22. a4 Rbd8 23. Bf3 Nxf1 24. Rxf1 Rd3 25.
Rc1 exf4 26. a5 e5 27. b6 axb6 28. axb6 e4 29. Nxe4 Rb3 30. b7 Rb4 31. Nd6 Be6 32. c7 Rd4 33. b8=Q Rxd6 34. c8=Q Bxc8 35. Qxd6 1-0

[Event "Early-Titled-Tuesday-Blitz-May-07-2024"]
[Site "Chess.com"]
[Date "2024.05.07"]
[Round "3"]
[White "GMG"]
[Black "Kazmin_Semyon"]
[Result "1-0"]
[WhiteElo "2830"]
[BlackElo "2586"]
[TimeControl "180+1"]
[EndTime "8:31:22 PDT"]
[Termination "GMG won by resignation"]

1. d4 f6 2. e4 g6 3. f4 Bg7 4. Nf3 Nh6 5. Bc4 e6 6. e5 f5 7. d5 O-O 8. O-O Nf7 9. Nc3 c6 10. d6 b5 11. Bd3 b4 12. Na4 Qa5 13. c4 c5 14. a3 Nc6 15. Be3 g5 16. g3 g4 17. Nd2 Nd4 18. axb4 Qxb4 19. Nxc5 Qxc5 20. Nb3 Nxb3 21. Bxc5 Nxc5 22. b4 Nxd3 23. Qxd3 Bb7 24. Ra5 a6 25. Rfa1 Rfc8 26. c5 Nd8 27. Rxa6 Rxa6 28.
Rxa6 Bxa6 29. Qxa6 Rb8 30. b5 Kf8 31. c6 dxc6 32.
bxc6 Rb1+ 33. Kf2 Nxc6 34. Qxc6 Rd1 35. Qc8+ Kf7 36. Qd7+ Kf8 37. Qe7+ Kg8 38. Qxe6+ 1-0

[Event "Early-Titled-Tuesday-Blitz-May-07-2024"]
[Site "Chess.com"]
[Date "2024.05.07"]
[Round "3"]
[White "Silvederione"]
[Black "sonicdravise"]
[Result "1-0"]
[WhiteElo "2490"]
[BlackElo "2631"]
[TimeControl "180+1"]
[EndTime "8:31:22 PDT"]
[Termination "Silvederione won by checkmate"]

1. d4 Nf6 2. Nc3 d5 3. Bf4 c6 4. e3 Bf5 5. f3 e6 6. g4 Bg6 7.
h4 h5 8. g5 Ng8 9. Bd3 Ne7 10.
Nge2 Nf5 11. e4 dxe4 12. fxe4 Nxd4 13. Nxd4 Qxd4 14. Nb5 Qxb2 15. Nc7+ Kd8 16. Nxa8 Bb4+ 17. Kf1 Kc8 18. Rb1 Qd4 19. a3 Bc5 20. Qe2 f6 21. Bh2 fxg5 22. Bg1 Qe5 23. Qh2 Qf6+ 24. Ke2 Bxg1 25.
Qc7# 1-0

[Event "Early-Titled-Tuesday-Blitz-May-07-2024"]
[Site "Chess.com"]
[Date "2024.05.07"]
[Round "3"]
[White "juanchesst"]
[Black "IMGC"]
[Result "1-0"]
[WhiteElo "2664"]
[BlackElo "2489"]
[TimeControl "180+1"]
[EndTime "8:31:23 PDT"]
[Termination "juanchesst won by resignation"]

1. d4 d5 2. c4 dxc4 3. Nf3 Nf6 4. e3 e6 5. Bxc4 c5 6. O-O a6 7. b3 b5 8. Be2 Bb7 9. Bb2 Nbd7 10. a4 Qb6 11. Nc3 cxd4 12. Nxd4 b4 13. Nb1 Be7 14. Nd2 O-O 15. Nc4 Qd8 16. Bf3 Nd5 17. Rc1 Rc8 18. Nf5 exf5 19. Bxd5 Bxd5 20. Qxd5 Nc5 21. Qxf5 Nxb3 22. Rcd1 Qe8 23. Qg4 f6 24. Nd6 Bxd6 25. Rxd6 Rc7 26. Rxa6 Nc5 27. Rxf6 Rxf6 28. Bxf6 Qxa4 29.
Bxg7 Qd7 30. Qc4+ Qf7 31. Qxf7+ Kxf7 32. Be5 Rb7 33. Bd4 b3 34. Bxc5 b2 35. Rb1 1-0

[Event "Early-Titled-Tuesday-Blitz-May-07-2024"]
[Site "Chess.com"]
[Date "2024.05.07"]
[Round "3"]
[White "GMthekingindian"]
[Black "orkinyo12345"]
[Result "1-0"]
[WhiteElo "2261"]
[BlackElo "2419"]
[TimeControl "180+1"]
[EndTime "8:31:23 PDT"]
[Termination "GMthekingindian won by resignation"]

1. d4 Nf6 2. Nf3 e6 3. g3 d5 4. Bg2 c5 5. c4 cxd4 6. O-O dxc4 7. Qa4+ Bd7 8. Qxc4 Bc6 9. Nxd4 Bxg2 10. Kxg2 Qd5+ 11. Qxd5 Nxd5 12. e4 Nb6 13. Nb5 Na6 14. Be3 Nc4 15. Bxa7 Nxb2 16. N1c3 Bb4 17. Bd4 O-O 18. Rab1 Nc4 19.
Rfd1 Rfd8 20. f4 h6 21. Kf2 e5 22. fxe5 Rac8 23. Nd5 Bf8 24. Rbc1 Kh7 25. Ke2 Nb4 26. Nxb4 Bxb4 27. Ba1 1-0

[Event "Early-Titled-Tuesday-Blitz-May-07-2024"]
[Site "Chess.com"]
[Date "2024.05.07"]
[Round "3"]
[White "stepanosinovsky"]
[Black "xxysoul6"]
[Result "0-1"]
[WhiteElo "2322"]
[BlackElo "2978"]
[TimeControl "180+1"]
[EndTime "8:31:24 PDT"]
[Termination "xxysoul6 won on time"]

1. e4 c5 2. Nf3 d6 3. d4 cxd4 4.
Nxd4 Nf6 5. Nc3 a6 6. Be3 e5 7. Nb3 Be7 8. Qd2 Ng4 9. g3 Be6 10.
O-O-O Nd7 11. f4 Nxe3 12. Qxe3 Qb6 13. Qd2 Nf6 14. f5 Bd7 15. Kb1 Bc6 16. Qg2 Rd8 17. g4 h6 18. h4 a5 19. g5 Nh5 20. gxh6 Rxh6 21. Nd5 Bxd5 22. Rxd5 Kf8 23. Rxa5 Nf4 24. Qg4 Rc8 25. f6 Qc7 26. fxe7+ Kxe7 27. Rh2 Rg6 28.
Qd1 Rg1 29. Nc1 Qxa5 30. Rf2 Qb4 31. Qf3 Qe1 32. a3 Rh8 33. Qb3 Qxf2 34. Qxb7+ Kf6 35.
Bc4 Rxc1+ 36. Ka2 Ne6 37. Qd5 Qxc2 38. Bd3 Qd1 0-1

[Event "Early-Titled-Tuesday-Blitz-May-07-2024"]
[Site "Chess.com"]
[Date "2024.05.07"]
[Round "3"]
[White "stolencandy13"]
[Black "MatthewG-p4p"]
[Result "1-0"]
[WhiteElo "2685"]
[BlackElo "2882"]
[TimeControl "180+1"]
[EndTime "8:31:25 PDT"]
[Termination "stolencandy13 won by resignation"]

1. d4 Nf6 2. Bf4 c5 3. e3 d5 4. c3 Nc6 5. Nd2 Bf5 6. Qb3 Qd7 7. dxc5 e5 8. Bg3 Bxc5 9. Ngf3 Qe7 10. Bb5 Bd6 11.
Qa4 O-O 12. O-O Rac8 13. Rfe1 a6 14. Bf1 e4 15. Bxd6 Qxd6 16. Nd4 Ng4 17. g3 Nxd4 18.
Qxd4 Rfd8 19. Rad1 Qh6 20. h3 Nf6 21. h4 Bg4 22. Rc1 g5 23. hxg5 Qxg5 24. Bg2 Qh5 25. Qxf6 Re8 26. Qh4 Qf5 27. Nb3 Re5 28. Nd4 Qg6 29.
f3 exf3 30. Bxf3 Bd7 31. Kf2 Rce8 32. Qf4 Rg5 33. Rh1 Qg7 34. Rh5 Rxh5 35. Bxh5 Re5 36. Bf3 1-0

[Event "Early-Titled-Tuesday-Blitz-May-07-2024"]
[Site "Chess.com"]
[Date "2024.05.07"]
[Round "3"]
[White "Nechitaylo_Nikita"]
[Black "HeroWilczek"]
[Result "0-1"]
[WhiteElo "2360"]
[BlackElo "2579"]
[TimeControl "180+1"]
[EndTime "8:31:25 PDT"]
[Termination "HeroWilczek won on time"]

1. d4 d5 2. c4 e5 3. dxe5 d4 4. Nf3 Nc6 5. e3 Bb4+ 6. Bd2 dxe3 7. fxe3 Bg4 8. Bxb4 Qxd1+ 9. Kxd1 Nxb4 10. a3 O-O-O+ 11. Nd2 Nc6 12. Kc2 Nge7 13. h3 Bf5+ 14. e4 Be6 15. c5 Ng6 16. Bc4 Rhe8 17. Bxe6+ Rxe6 18. Ng5 Re7 19. e6 Nd4+ 20. Kc3 Nxe6 21. Nxe6 Rxe6 22.
Raf1 Ne5 23. Nf3 f6 24. Nd4 Re7 25. b4 Red7 26. Ne6 Rd3+ 27. Kc2 Rd2+ 28. Kc1 R8d3 29. Rd1 Rxg2 30. Rhg1 Rc3+ 31. Kb1 Rb3+ 32. Kc1 Nd3+ 33. Rxd3 Rxg1+ 34. Kc2 Rxd3 35. Kxd3 Kd7 36. Nf4 c6 37. Kc4 g5 38. Nh5 Ke6 39. Ng7+ Ke5 40. Ne8 Rh1 41. Nd6 Rxh3 42. Nxb7 g4 43. Nd8 g3 44. Nxc6+ Kxe4 45. Ne7 g2 46. c6 g1=Q 47. c7 Qc1+ 0-1

[Event "Early-Titled-Tuesday-Blitz-May-07-2024"]
[Site "Chess.com"]
[Date "2024.05.07"]
[Round "3"]
[White "Escudito"]
[Black "s_stefi"]
[Result "1-0"]
[WhiteElo "2338"]
[BlackElo "1906"]
[TimeControl "180+1"]
[EndTime "8:31:25 PDT"]
[Termination "Escudito won on time"]

1. d4 Nf6 2. Nf3 g6 3. c4 Bg7 4. Nc3 d6 5. e4 O-O 6. Be2 Nbd7 7. Be3 e5 8. d5 a5 9. h3 b6 10. b3 Nc5 11. Qc2 Ne8 12. g4 f5 13. gxf5 gxf5 14. Bg5 Qd7 15. Nd2 Qf7 16. O-O-O Kh8 17. Rdg1 fxe4 18. Ndxe4 Bf5 19. f3 Nf6 20. h4 Nh5 21. Qd2 a4 22. b4 Nxe4 23. fxe4 Bd7 24. Rf1 Qe8 25. Rxf8+ Bxf8 26. Rg1 Bg7 27. Bh6 Qe7 28. Bxh5 Rg8 29. Bxg7+ Rxg7 30. Rxg7 Qxg7 31. Qg5 1-0

[Event "Early-Titled-Tuesday-Blitz-May-07-2024"]
[Site "Chess.com"]
[Date "2024.05.07"]
[Round "3"]
[White "klimkoj"]
[Black "Sadykov_Ramil"]
[Result "1-0"]
[WhiteElo "2917"]
[BlackElo "2613"]
[TimeControl "180+1"]
[EndTime "8:31:26 PDT"]
[Termination "klimkoj won by resignation"]

1. d4 d5 2. Nf3 Nf6 3. c4 e6 4. Nc3 Be7 5. Bf4 O-O 6. e3 a6 7. cxd5 exd5 8. Bd3 c5 9. dxc5 Bxc5 10. O-O Nc6 11. Bg5 h6 12. Bh4 Bg4 13. h3 Be6 14.
Ne2 Be7 15. Ned4 Qd7 16. Rc1 g5 17. Bg3 Ne4 18. Nxc6 bxc6 19. Ne5 Qb7 20. Bxe4 dxe4 21. Nxc6 Bf6 22. b3 a5 23. Nd4 Qd5 24. Nxe6 Qxe6 25.
Qg4 Qxg4 26. hxg4 Rfd8 27. Rfd1 a4 28. Rxd8+ Rxd8 29. bxa4 Rd2 30. Rc4 Rxa2 31. Rxe4 Kg7 32. Bc7 Bc3 33. Kf1 Kf6 34. Rc4 Ra1+ 35. Ke2 Ra2+ 36. Kd3 Be1 37. f4 Rxg2 38. Rc6+ Ke7 39. Rxh6 gxf4 40. Bxf4 Rxg4 41. Ke2 Bc3 42. Rc6 Rg2+ 43.
Kf3 Rc2 44. Be5 Bxe5 45. Rxc2 Kd6 46. a5 Ke6 47. a6 Bb8 48. Rc8 Ba7 49. Rc7 Bb6 50.
Rb7 Bc5 51. a7 Bxa7 52. Rxa7 f6 53. Ra6+ Ke5 54. Ra5+ Ke6 55. Kf4 1-0

[Event "Early-Titled-Tuesday-Blitz-May-07-2024"]
[Site "Chess.com"]
[Date "2024.05.07"]
[Round "3"]
[White "ChainedDowntohell"]
[Black "praveenb2002"]
[Result "0-1"]
[WhiteElo "2583"]
[BlackElo "2861"]
[TimeControl "180+1"]
[EndTime "8:31:27 PDT"]
[Termination "praveenb2002 won by resignation"]

1. d4 Nf6 2. Nf3 g6 3. c4 Bg7 4.
Nc3 d5 5. Bg5 Ne4 6. Bf4 Nxc3 7.
bxc3 c5 8. cxd5 Qxd5 9. e3 O-O 10. Be2 cxd4 11. cxd4 Qa5+ 12. Qd2 Nc6 13. Rc1 Be6 14. Qxa5 Nxa5 15. O-O Bxa2 16. Rc7 Rfc8 17. Rxe7 Bf6 18.
Rc7 Rxc7 19. Bxc7 Nc6 20. Ra1 Bd5 21. Bd6 a5 22. Ne1 a4 23. Bb5 Ra5 24. Bxc6 Bxc6 25. Nd3 b5 26. f3 Ra8 27. Nb4 Bb7 28. Bc5 Rc8 29. Kf2 Rxc5 30. dxc5 Bxa1 31. c6 Bxc6 32. Nxc6 Bc3 33. Ne7+ Kf8 34. Nd5 b4 35. Nf6 Bxf6 0-1